 Dungeon Crawl Stone Soup version 0.28.0-1-gb440e238dd (webtiles) character file.

Game seed: 8880181244221170892

121 freelancePsychic the Firebug (level 4, 0/39 (40) HPs)
             Began as a Draconian Cinder Acolyte on Feb 19, 2022.
             Was a High Priest of Ignis.
             Succumbed to Crazy Yiuf's poison
             ... on level 2 of the Dungeon.
             The game lasted 00:03:47 (2560 turns).

freelancePsychic the Firebug (DrCA)                 Turns: 2560, Time: 00:03:48

HP:   0/39 (40)     AC:  5    Str: 16    XL:     4   Next: 76%
MP:   1/7           EV: 11    Int: 17    God:    Ignis [*****.]
Gold: 42            SH:  0    Dex:  6    Spells: 6/8 levels left

rFire   + . .      SeeInvis .   g - +0 dagger (freeze)
rCold   . . .      Faith    .   (no shield)
rNeg    . . .      Spirit   .   (armour unavailable)
rPois   .          Reflect  .   (helmet restricted)
rElec   .          Harm     .   (no cloak)
rCorr   .          Rampage  .   (no gloves)
Will    .....                   (no boots)
Stlth   +.........              (no amulet)
HPRegen 0.13/turn               (no ring)
MPRegen 0.10/turn               (no ring)

@: lethally poisoned (0 -> -16), lightly drained
A: AC +5, unfitting armour, cold-blooded
a: Renounce Religion, Fiery Armour, Foxfire Swarm, Rising Flame


You were on level 2 of the Dungeon.
You worshipped Ignis.
Ignis was extremely pleased with you.
You visited 1 branch of the dungeon, and saw 2 of its levels.

You collected 42 gold pieces.

Inventory:

Hand Weapons
 g - a +0 dagger of freezing (weapon)
Missiles
 h - 5 poisoned darts
Jewellery
 k - an amulet of the acrobat
Scrolls
 a - a scroll of fog {unknown}
 b - a scroll of blinking {unknown}
 d - 3 scrolls of torment {unknown}
 e - a scroll of magic mapping {unknown}
 f - a scroll of teleportation {unknown}
 j - a scroll of fear {unknown}
Potions
 c - a potion of curing {unknown}
 i - a potion of cancellation {unknown}


   Skills:
 + Level 4.0 Fighting
 - Level 3.0 Polearms
 * Level 2.6 Spellcasting
 * Level 4.2 Fire Magic


You had 6 spell levels left.
You knew the following spells:

 Your Spells              Type           Power      Damage    Failure   Level
a - Scorch                Fire           32%        2d7       4%          2

Your spell library contained the following spells:

 Spells                   Type           Power      Damage    Failure   Level
 Passage of Golubria      Tloc           2%         N/A       88%         4
 Silence                  Hex/Air        1%         N/A       99%         5
 Lehudib's Crystal Spear  Conj/Erth      1%         10d2      100%        8


Dungeon Overview and Level Annotations

Branches:
Dungeon (2/15)

Altars:

Annotations:
D:2 Crazy Yiuf


Innate Abilities, Weirdness & Mutations

Your plain brown scales are hard. (AC +5)
You cannot fit into any form of body armour.
You are cold-blooded and may be slowed by cold attacks.


Message History

Crazy Yiuf cries, "Rot water Orb Guardian!"
Crazy Yiuf says, "Tosser aubergine dark!"
Crazy Yiuf grits, "Trifle ragdoll poople!"
Crazy Yiuf grits, "Citrus koolooloo bush!"
Crazy Yiuf cries, "Goober leg turtle!"
Crazy Yiuf whimpers, "Announcement foot cloud!"
Crazy Yiuf whimpers, "Blight high unthinkable!"
Crazy Yiuf yells, "Adder ladder fast!"
Crazy Yiuf laughs, "Paint tea sing-song!"
Crazy Yiuf cries, "Tonal!"
Crazy Yiuf twirls on the spot.
Crazy Yiuf whimpers, "Mountain!
Gnoll meccalolo hog."
Crazy Yiuf grits, "Citrus!
Key cower koolooloo."
Crazy Yiuf says, "Rot!"
Really walk into that dispersal trap?
You enter a dispersal trap!
Crazy Yiuf blinks! x2; You blink.
Casting: Scorch (safe; 4% risk of failure)
Confirm with . or Enter, or press ? or * to list all spells.
Flames lash Crazy Yiuf.
Crazy Yiuf is moderately wounded.
Crazy Yiuf's fire resistance burns away.
Casting: Scorch (safe; 4% risk of failure)
Confirm with . or Enter, or press ? or * to list all spells.
Flames lash Crazy Yiuf.
Crazy Yiuf is burned terribly!
Crazy Yiuf is severely wounded.
Casting: Scorch (safe; 4% risk of failure)
Confirm with . or Enter, or press ? or * to list all spells.
Flames lash Crazy Yiuf but do no damage.
Really walk into that dispersal trap?
You enter a dispersal trap!
Crazy Yiuf blinks! x2; You blink.
Crazy Yiuf whimpers, "Nubble!"
Crazy Yiuf hits you with a +2 quarterstaff of chaos!
Crazy Yiuf freezes you.
* * * LOW HITPOINT WARNING * * *
Crazy Yiuf hits you with a +2 quarterstaff of chaos.
* * * LOW HITPOINT WARNING * * *
You are lethally poisoned!
Really walk into that dispersal trap?
You enter a dispersal trap!
Crazy Yiuf blinks! x2; You blink.
You die...

.# #.#.................<.#
.#
####.#.##..###..#......#.#
##
##.##..................##..
#.#..........##.##.##.#####
##.####..g.§..#.##.##.# #.#
#.......#.......# ###.#
#.>.....#.##.##.# #...#
##.....##.##.##.# #.###
#..@..##.##....# #.#
#.....##.####..# ###.###
#..§..##.####..# #.....#
#§....##.......# #.#.#.#
#############.## #.#.#.#
#.# #.#.#.# ### #.# #.#.#.#
##.###### #.# #.#.#.#
#.#<....#######.#


You could see Crazy Yiuf (combustible).

Vanquished Creatures
  Natasha (thrice) (D:2)
  2 worms (D:2)
  5 ball pythons
  4 bats
  7 endoplasms
  5 goblins
  A hobgoblin (D:1)
  4 jackals (D:2)
  3 kobolds
  2 frilled lizards
  4 rats
40 creatures vanquished.

Notes
Turn   | Place    | Note
-------+----------+-------------------------------------------
     0 | D:1      | freelancePsychic the Draconian Cinder Acolyte began the
                  | quest for the Orb.
     0 | D:1      | Reached XP level 1. HP: 19/19 MP: 2/2
    46 | D:1      | Found a faded altar of an unknown god.
   291 | D:1      | Reached XP level 2. HP: 14/26 MP: 3/3
   486 | D:1      | Learned a level 2 spell: Scorch
  1253 | D:2      | Noticed Natasha
  1256 | D:2      | Noticed a crimson imp
  1260 | D:2      | Killed Natasha
  1261 | D:2      | Reached XP level 3. HP: 17/33 MP: 0/5
  1745 | D:2      | Noticed Natasha
  1805 | D:2      | Killed Natasha
  1806 | D:2      | Reached XP level 4. HP: 23/40 MP: 0/7
  1959 | D:2      | Noticed Natasha
  1961 | D:2      | Killed Natasha
  2239 | D:2      | Found a runed translucent door.
  2240 | D:2      | Noticed Crazy Yiuf
  2560 | D:2      | Succumbed to Crazy Yiuf's poison

Illustrated notes

Levels and vault maps discovered:
D:1:      sevenhm_arrival_forest_fort_large_2, layout_basic,
          dreamdust_ecumenical_altar_statues
D:2:      layout_loops_cross, uniq_crazy_yiuf_cottage, uniq_natasha

Skill      XL: |  1  2  3  4 |
---------------+-------------+-----
Spellcasting   | 2 |  2.6
Fire Magic     | 4 |  4.2
Fighting       | 4 |  4.0
Polearms       | |  3.0

Action                   |  1- 3 |  4- 6 || total
-------------------------+-------+-------++-------
Melee: War axe           |    30 |       ||    30
       Spear             |    11 |       ||    11
       Tailslap          |     3 |     1 ||     4
       Dagger            |    10 |     2 ||    12
 Cast: Scorch            |    24 |    12 ||    36
Armor: Skin              |    10 |     1 ||    11
Dodge: Dodged            |    42 |       ||    42
